Cogmind - Beta 14 @@@ ROGUE MODE // 2024.12.02 @ 19:37:07 Player: Cherman0 Result: Destroyed by D-53 Grenadier with Mini Grenade Launcher Performance ------------- Evolutions (0) 0 Regions Visited (2) 400 Robots Destroyed (43) 215 Value Destroyed (793) 793 Prototype IDs (5) 100 Alien Tech Used (0) 0 Bonus (75) 75 TOTAL SCORE: 1583 Bonus ------- Follower Combat Kills 75 Cogmind --------- Core Integrity 0/250 Matter 287/300 Energy 240/250 System Corruption 0% Temperature Cool (0) Movement Treading (240) Ox1 Location -10/Mines Parts ------- > --- POWER (1) -------- Ion Engine > --- PROPULSION (2) --- Light Treads Light Treads > --- UTILITY (2) ------ High-capacity Storage Unit Light Armor Plating > --- WEAPON (2) ------- Particle Cannon Assault Rifle > --- INVENTORY (20) --- Ion Engine Ion Engine Light Treads Armored Wheel Armored Wheel Armored Wheel Armored Wheel Armored Wheel Armored Wheel Armored Wheel Improved Heat Sink Large Matter Pod (150) Machine Analyzer Seismic Detector Seismic Detector Particle Cannon Particle Cannon Light Cannon Light Cannon Flail Peak State ------------ > --- POWER ------------ Ion Engine > --- PROPULSION ------- Light Treads Light Treads > --- UTILITY ---------- Improved Heat Sink High-capacity Storage Unit > --- WEAPON ----------- Particle Cannon Particle Cannon > --- INVENTORY -------- Ion Engine Ion Engine Armored Wheel Armored Wheel Armored Wheel Armored Wheel Armored Wheel Armored Wheel Armored Wheel Armored Wheel Medium Matter Pod Large Matter Pod Seismic Detector Seismic Detector Small Laser Particle Cannon Particle Cannon Assault Rifle Light Assault Rifle Flail [Rating: 14] Favorites ----------- Power Ion Engine Engine Ion Engine Propulsion Light Treads Treads Light Treads Leg Aluminum Leg Flight Unit Improved Flight Unit Utility High-capacity Storage Unit Device Seismic Detector Storage High-capacity Storage Unit Protection Light Armor Plating Weapon Particle Cannon Energy Gun Small Laser Energy Cannon Particle Cannon Ballistic Gun Assault Rifle Build | -11 -10 -10 ------- Run | Yrd Mat Min Slots Evolved . | . . . Power . | . . . Propulsion . | . . . Utility . | . . . Weapon . | . . . Parts Attached 23 | 4 10 9 Power 2 | . 2 . Engine 2 | . 2 . Core . | . . . Reactor . | . . . Propulsion 5 | 2 2 1 Treads 4 | 2 1 1 Leg . | . . . Wheel . | . . . Hover . | . . . Flight 1 | . 1 . Utility 11 | 1 4 6 Device 8 | 1 3 4 Storage 1 | . 1 . Processor . | . . . Hackware . | . . . Protection 2 | . . 2 Artifact . | . . . Weapon 5 | 1 2 2 Energy Gun 1 | 1 . . Energy Cannon 3 | . 2 1 Ballistic Gun 1 | . . 1 Ballistic Cannon . | . . . Launcher . | . . . Special Weapon . | . . . Impact Weapon . | . . . Slashing Weapon . | . . . Piercing Weapon . | . . . Special Melee Weapon . | . . . Unidentified Prototypes 1 | . 1 . Parts Lost 1 | . . 1 Power . | . . . Propulsion . | . . . Utility . | . . . Weapon 1 | . . 1 Highest Loss Streak 1 | . . 1 To Critical Strikes . | . . . Average Slot Usage (%) 99 | . 100 99 Engine 14 | . 14 14 Treads 28 | . 28 28 Device 13 | . 14 13 Storage 14 | . 14 14 Energy Gun 4 | . 6 . Energy Cannon 16 | . 14 20 Ballistic Gun 6 | . 6 7 Peak Build Rating 14 | 7 14 14 Average Rating 11 | 6 11 11 On Entrance 9 | 6 7 14 Naked Turns . | . . . Heaviest Build 54 | 12 54 54 Greatest Support 40 | 40 40 40 Greatest Overweight (x) 1 | . 1 1 Average Overweight (x) . | . . 1 Largest Inventory Capacity 20 | 8 20 20 Average Capacity 19 | 8 19 20 Most Carried 20 | 6 20 20 Average Carried 18 | 4 18 19 Final Capacity 20 | 8 20 20 Final Carried 20 | 6 20 20 Class Distribution -------------------- 100% | Mutant Dominant Class ---------------- Mutant | -10/Materials Mutant | -10/Mines Resources | -11 -10 -10 ----------- Run | Yrd Mat Min Matter Collected 907 | 267 530 110 Remotely . | . . . Salvage Created 1265 | 162 634 469 Parts 80 | 16 31 33 Haulers Intercepted 2 | . 2 . Recyclers Shooed 2 | 1 . 1 Parts Field Recycled . | . . . Retrieved Matter . | . . . Parts Self-Destructed . | . . . Prevented . | . . . Kills | -11 -10 -10 ------- Run | Yrd Mat Min Combat Hostiles Destroyed 31 | . 14 17 Guns 11 | . 7 4 Cannons 18 | . 6 12 Classes Destroyed 8 | 2 5 1 Builder 1 | . 1 . Tunneler 5 | 5 . . Hauler 2 | . 2 . Recycler 2 | 1 . 1 Mechanic 1 | . . 1 Watcher 1 | . 1 . Swarmer 17 | . 3 14 Grunt 14 | . 11 3 Best Kill Streak 6 | 4 3 6 Combat Bots Only 6 | . 3 6 Max Kills in Single Turn 2 | 1 1 2 Gunslinging . | . . . Exploded . | . . . Melee . | . . . Uniques/NPCs Destroyed . | . . . Combat | -11 -10 -10 -------- Run | Yrd Mat Min Hostile Shots Fired 150 | . 68 82 Missed 43 | . 22 21 Damage Taken 1140 | . 501 639 Core 252 | . 106 146 Absorbed by Shields . | . . . Regen/Repaired (Parts) 87 | . 87 . Core Remaining (%) 100 | 100 . . Volleys Fired 94 | 9 53 32 Largest 2 | 2 2 2 Hottest 136 | 60 136 136 Shots Fired 184 | 18 106 60 Gun 93 | 18 64 11 Cannon 91 | . 42 49 Launcher . | . . . Special . | . . . Kinetic 52 | 9 32 11 Thermal 132 | 9 74 49 Explosive . | . . . Electromagnetic . | . . . Robot Hit Streak 10 | 10 5 9 Robot Miss Streak 5 | 2 5 2 Penetration Max . | . . . Secondary Targets 1 | . 1 . Max Gunslinging Chain 1 | . 1 . Shots Hit Robots 106 | 12 57 37 Core Hits 53 | 7 26 20 Critical Kills 2 | . 1 1 Critical Parts Destroyed 1 | . 1 . Critical Strikes 3 | . 2 1 Meltdown 2 | . 1 1 Destroy 1 | . 1 . Melee Attacks . | . . . Impact . | . . . Slashing . | . . . Piercing . | . . . Sneak Attacks . | . . . Combat Hostiles . | . . . Follow-up Attacks . | . . . Damage Inflicted 1911 | 155 973 783 Guns 652 | 154 418 80 Cannons 1200 | . 511 689 Explosions . | . . . Melee . | . . . Ramming 59 | 1 44 14 Kinetic 480 | 97 303 80 Thermal 1372 | 57 626 689 Explosive . | . . . Electromagnetic . | . . . Impact . | . . . Slashing . | . . . Piercing . | . . . Highest Corruption . | . . . Average Corruption . | . . . Corruption Purged . | . . . Corruption Blocked . | . . . Overload Shots . | . . . Overflow Damage 16 | . 3 13 Projectiles 13 | . . 13 Explosions . | . . . Melee 3 | . 3 . Knockbacks . | . . . Impact . | . . . Kinetic . | . . . Secondary . | . . . Self-Inflicted Damage . | . . . Shots . | . . . Rammed 12 | 1 9 2 Targets Rammed 13 | 1 10 2 Kicked . | . . . Crushed 1 | . 1 . Highest Temperature 327 | . 327 300 Average Temperature 104 | . 83 119 Received Heat Transfer 270 | . 252 18 Effects 5 | . . 5 Energy Bleed 1 | . . 1 Interference 4 | . . 4 Siege Activations . | . . . Robots Corrupted 1 | . 1 . Combat Hostiles . | . . . Parts Fried . | . . . Impact Corruptions 1 | . 1 . Robots Melted 2 | . 1 1 Combat Hostiles 2 | . 1 1 Parts Melted 3 | . 2 1 Heat Transferred 2484 | 125 1175 1184 Parts Sabotaged . | . . . Parts Stolen . | . . . Parts Stripped . | . . . Power Chain Reactions . | . . . Alert | -11 -10 -10 ------- Run | Yrd Mat Min Peak Influence 312 | 30 140 312 Initial 54 | . 19 54 Average 90 | 18 53 181 Maximum Alert Level 1 | . . 1 Low Security (%) 88 | 100 100 61 Level 1 11 | . . 38 Level 2 . | . . . Level 3 . | . . . Level 4 . | . . . Level 5 . | . . . High Security . | . . . Max Security . | . . . Squads Dispatched 4 | . 3 1 Investigation 3 | . 3 . Extermination . | . . . Reinforcement . | . . . Assault 1 | . . 1 Garrison . | . . . Intercept . | . . . Searches Triggered . | . . . Construction Impeded . | . . . Haulers Reinforced . | . . . Active Scanning Responses . | . . . Cargo Convoy Interrupts . | . . . Stealth | -11 -10 -10 --------- Run | Yrd Mat Min Distress Signals 1 | . 1 . Communications Jammed . | . . . Distress Signals . | . . . Times Spotted 61 | . 33 28 Peak Tracking Total 12 | . 3 12 Tactical Retreats 1 | . 1 . Traps | -11 -10 -10 ------- Run | Yrd Mat Min Traps Triggered . | . . . Indirectly . | . . . Trap Hack Attempts . | . . . Triggered . | . . . Disarmed . | . . . Reprogrammed . | . . . Reused . | . . . Traps Extracted . | . . . Installed . | . . . Triggered . | . . . Machines | -11 -10 -10 ---------- Run | Yrd Mat Min Machines Disabled 1 | . . 1 Max in Single Turn 1 | . . 1 Machines Repaired . | . . . Machines Dismantled . | . . . Machines Sabotaged . | . . . Overloaded Fab Kills . | . . . Hacking | -11 -10 -10 --------- Run | Yrd Mat Min Machines Accessed 11 | . 11 . Terminals 8 | . 8 . Fabricators . | . . . Repair Stations 1 | . 1 . Recycling Units 2 | . 2 . Scanalyzers . | . . . Garrison Access . | . . . Total Hacks 34 | . 34 . Successful 22 | . 22 . Failed 11 | . 11 . Catastrophic 1 | . 1 . Database Lockouts 1 | . 1 . Manual 20 | . 20 . Terminals 30 | . 30 . Fabricators . | . . . Repair Stations 1 | . 1 . Recycling Units 3 | . 3 . Scanalyzers . | . . . Garrison Access . | . . . Terminal Hacks 10 | . 10 . Robot Analysis 2 | . 2 . Prototype ID Bank 2 | . 2 . Terminal Index 1 | . 1 . Locate Traps 3 | . 3 . Hauler Manifests 1 | . 1 . Zone Layout 1 | . 1 . Fabricator Hacks . | . . . Repair Station Hacks . | . . . Recycling Unit Hacks . | . . . Scanalyzer . | . . . Garrison Access Hacks . | . . . Unauthorized Hacks 11 | . 11 . Terminals 8 | . 8 . Botnet 1 | . 1 . Operators 1 | . 1 . Skim 6 | . 6 . Fabricators . | . . . Repair Stations 1 | . 1 . Patch 1 | . 1 . Recycling Units 2 | . 2 . Tunnel 2 | . 2 . Scanalyzers . | . . . Garrison Access . | . . . Data Cores Recovered . | . . . Used . | . . . Hacking Detections 7 | . 7 . Full Trace Events . | . . . Feedback Events . | . . . Feedback Blocked . | . . . Robot Schematics Acquired . | . . . Robots Built . | . . . Authchips . | . . . Time . | . . . Total Robot Build Rating . | . . . Part Schematics Acquired . | . . . Parts Built . | . . . Authchips . | . . . Time . | . . . Total Part Build Rating . | . . . Parts Repaired . | . . . Time . | . . . Parts Recycled . | . . . Recycled Matter . | . . . Retrieved Matter . | . . . Retrieved Components . | . . . Parts Scanalyzed . | . . . Part Schematics Acquired . | . . . Parts Damaged . | . . . Bothacking | -11 -10 -10 ------------ Run | Yrd Mat Min Used RIF Installer . | . . . Robots Hacked . | . . . Non-combat . | . . . Combat . | . . . Robot Hacks Applied . | . . . Relay Couplers Released . | . . . Fabnet Peak Effective % . | . . . Robots Rewired . | . . . Allies Hacked . | . . . Hacks Repelled . | . . . Allies | -11 -10 -10 -------- Run | Yrd Mat Min Total Allies 1 | . . 1 Largest Group 1 | . . 1 Highest-Rated Group 31 | . . 31 Highest-Rated Ally 31 | . . 31 Total Orders . | . . . Ally Attacks 17 | . . 17 Total Damage 296 | . . 296 Kills 3 | . . 3 Allies Corrupted . | . . . Allies Melted . | . . . Intel | -11 -10 -10 ------- Run | Yrd Mat Min Robot Analysis Total 2 | . 2 . Derelict Logs Recovered 2 | . . 2 Drone Launches . | . . . Drone Recoveries . | . . . Exploration | -11 -10 -10 ------------- Run | Yrd Mat Min Turns Passed 3848 | 109 2616 1123 Spaces Moved 1429 | 22 1000 407 Core . | . . . Treads 1429 | 22 1000 407 Legs . | . . . Wheels . | . . . Hover . | . . . Flight . | . . . Fastest Speed 160 | 160 160 240 Average Speed 233 | 160 231 240 Slowest Speed 240 | 160 240 240 Overloaded Moves . | . . . Propulsion Burnouts . | . . . Robots Hopped . | . . . Cave-ins Triggered . | . . . Exploration Rate (%) 56 | 3 99 66 Regions Visited 2 Branch Regions 1 Pre-discovered Areas 7 | . 6 1 Known Exits Taken 1 | . 1 . Unknown Exits Taken 1 | 1 . . Scrap Searched . | . . . Spaces Dug . | . . . Terrain Destroyed . | . . . Melee . | . . . Projectile . | . . . AOE . | . . . Terrain Rammed . | . . . Walls Destroyed . | . . . Machines Disabled . | . . . Actions | -11 -10 -10 --------- Run | Yrd Mat Min Total 1752 | 76 1189 487 Wait 130 | 37 59 34 Move 1428 | 22 999 407 Hop . | . . . Pick Up 37 | 2 33 2 Fast Attach 2 | 1 1 . Attach 2 | . 1 1 Detach 2 | . 2 . Swap 19 | 3 8 8 Drop 26 | 2 23 1 Fire 94 | 9 53 32 Melee . | . . . Ram . | . . . Kick . | . . . Crush 12 | . 10 2 Escape Stasis . | . . . Rewire . | . . . Trap . | . . . Miscellaneous . | . . . Route ------- -11/Scrapyard -10/Materials (discovered 6 exits: *Mat x3 / *Min x2 / *Sub) -10/Mines (discovered 3 exits: *Mat x2 / Exi) History --------- Turn | Location | Event 52 | -11/Scrapyard | Discovered new exit (range 2) 110 | -11/Scrapyard | Entered Materials 303 | -10/Materials | Build established: Mutant 392 | -10/Materials | Central database locked down 461 | -10/Materials | Discovered new exit (range 14) 953 | -10/Materials | Discovered new exit (range 13) 1068 | -10/Materials | Discovered new exit (range 7) 1117 | -10/Materials | Learned Storage stockpile data 1154 | -10/Materials | Loaded intel: 19 trap records 1181 | -10/Materials | Learned location of 1 exit from Storage 1200 | -10/Materials | Learned Storage trap positions 1210 | -10/Materials | Learned 2 Mines zone layouts 1211 | -10/Materials | Learned location of Recycling (-7) 1212 | -10/Materials | Learned location of Mines (-10) 1213 | -10/Materials | Identified exit to Materials 1213 | -10/Materials | Identified exit to Subcaves 1213 | -10/Materials | Identified exit to Mines 1955 | -10/Materials | Discovered exit to Materials (range 12) 2726 | -10/Materials | Entered Mines 2727 | -10/Mines | Identified exit to Exiles 2891 | -10/Mines | Learned 2 Materials zone layouts 2952 | -10/Mines | Core integrity fell below 50% 2981 | -10/Mines | Met a Derelict testing a Signal Generator 3241 | -10/Mines | Learned location of Zion (-7) 3599 | -10/Mines | Discovered exit to Materials (range 6) 3833 | -10/Mines | Assembled infested the area 3846 | -10/Mines | Core integrity fell below 20% 3849 | -10/Mines | Destroyed by D-53 Grenadier with Mini Grenade Launcher Last Messages --------------- 03269_ Overheating: System interference. 03269_ Particle Cannon temporarily disabled. 03270_ S-10 Pest destroyed. 03276_ Acquired 25 matter. 03280_ Acquired 9 matter. 03361_ M-13 Machinist destroyed. 03373_ Acquired Machine Analyzer. 03374_ Acquired 13 matter. 03501_ S-10 Pest destroyed. 03510_ Acquired 9 matter. 03599_ EXIT=FOUND: MATERIALS 03758_ Slammed into R-06 Scavenger. 03806_ Slammed into K-01 Serf. 03833_ ALERT: Infestation in the mines, dispatching Demolisher response squad. 03842_ C-30 ARC bursts open, deploying its payload. 03842_ D-53 Grenadier unfolds itself. 03843_ K-01 Serf destroyed. 03849_ The unstable cave ceiling collapses. [Achievement: Collector] Map ----- +----------------------------------------------------+ | | | | | | | | | | | ?????????????????????????????????????????????????? | | ?????????????????????????????????????????????????? | | ?????????????????????????????######??????????????? | | ????????????????????????????## ##?????????????? | | ??????????????????????? >???# ##????????????? | | ??????????????????????? ????# #????????????? | | ?????????????????????###????# #????????????? | | ?????????????????????# #????## ##????????????? | | ????????????????????? ###???## ##?????????????? | | ?????????????????????# #????# ##????????###???? | | ????????????????####?### ####?# #????????## ???? | | ????????????????? ### ### #???????## ???? | | ??????????????????a """ ## #??????## ???? | | ????????? ??????? """ #??????# ???? | | ??????????? ??????? """ < #??????# ???? | | ????????????# ?????# #??????## ???? | | ????????????# ???## ### t #???????## ???? | | ????????????# ### aa #?####???####???? | | ????????????# # #### ##???????? | | ????????????# % # ##### #####???? | | ?????????????# @ #??# #???? | | ?????????????##### dd #?## ### ##### | | ?????????????????## = ### ##?# ## | | ??????????????????## % ## #??# ! ! | | ???????????????????##= ### ##??## | | ????????????????????## ##????????????? | | ?????????????????????#u### ###?????????????? | | ?????????????????????# #?#%##????????????????? | | ?????????????????????# #?# #?????????????????? | | ?????????????????????# ### #??????????????????# | | ?????????????????????# #??????????????????#* | | ?????????????????????# #####??????????????????#*[# | | ?????????????????????# ######????????????######==# | | ?????????????????????# #????????????# %%*%# | | ?????????????????????###### #????????????# *=[[ | | ??????????????????????????# #????????????# ###### | | ??????????????????????????# #????????????# [#??### | | ??????????????????????????# ####?????????# %#### # | | ?????????####?????????????# #?????##### !## | | ????????## ##????????###?#### #????## % | | ###?????# ########## ####?#%###### % *""" | | ##????# = ### """ | | #????# ##### =* ## ##### "" | | ##???# ##???# ##%# # ###?## | | ##?## ##????# ##=## !! #??# # | +----------------------------------------------------+ Best States ------------- Heat Dissipation 39 Energy Generation 10 Energy Capacity 250 Matter Stores 300 Matter Capacity 300 Sight Range 16 Terrain Scan Density 10 Armor Coverage 150 Evasion (%) 40 Recoil Reduction 2 Item Schematics ----------------- None Robot Schematics ------------------ None Fabricated ------------ Nothing Alien Tech Used ----------------- None Achievements -------------- Collector Challenges ------------ None Game ------ Seed CentriumSurveybotFocus Manual? 0 Play Time 00:22:32 Cumulative 220.4 hours Start 2024.12.02 @ 19:15:35 End 2024.12.02 @ 19:37:07 Sessions 1 Manual Loads 0 Difficulty Rogue Special Mode None Game No. 101 Rogue 101 Adventurer 0 Explorer 0 Win Type - Total 3 Types 0/0/1/1/0/0/1/0/0 Lore% 61 Gallery% 75 Achievement% 58 Wizard Run 0 Options --------- Layout 0 ASCII 0 Keyboard 0 Movement Numpad Keybinds 1 Fullscreen 2 Font 18/X11 Map View 76x50 Zoom Use 0% Tactical HUD 1 Map Filters NONE Filters NONE Steam 1 RUN: a2a1b63d-cd3f-4023-9962-de9883ee3068